 Dungeon Crawl Stone Soup version 0.17-a0-1508-ge7f3dc3 (webtiles) character file.

324 Fluffy the Ducker (level 6, -13/48 HPs)
             Began as a Demonspawn Gladiator on July 10, 2015.
             Killed by divine providence
             ... invoked by an orc priest
              (14 damage)
             ... on level 4 of the Dungeon.
             The game lasted 00:07:07 (2984 turns).

Fluffy the Ducker (Demonspawn Gladiator)            Turns: 2984, Time: 00:07:08

Health: -13/48     AC: 11    Str: 18    XL:     6   Next: 23%
Magic:  6/6        EV: 10    Int:  7    God:
Gold:   141        SH:  0    Dex: 13    Spells: 0 memorised, 5 levels left

rFire  . . .     SeeInvis .     a - +0 long sword
rCold  . . .     Clarity  .     z - +0 chain mail
rNeg   . . .     SustAt   .     (no shield)
rPois  .         Gourm    .     (helmet restricted)
rElec  .         Spirit   .     (no cloak)
rCorr  .         Warding  .     (no gloves)
rMut   .         Stasis   .     (no boots)
MR     .....                    (no amulet)
Stlth  ..........               (no ring)
                                i - +3 ring of protection

@: lethally poisoned (-13 -> -20), not resistant to hostile enchantments,
extremely unstealthy
A: antennae 1, repulsion field 1, demonic guardian 1, deterioration 1, dopey 1,
rot immunity
a: no special abilities


You were on level 4 of the Dungeon.
You were not hungry.

You visited 1 branch of the dungeon, and saw 4 of its levels.

You collected 141 gold pieces.

Inventory:

Hand weapons
 a - a +0 long sword (weapon)
 q - a +0 halberd of flaming
Missiles
 d - 3 throwing nets (quivered)
Armour
 z - a +0 chain mail (worn)
Jewellery
 i - a +3 ring of protection (left hand)
Scrolls
 b - 2 scrolls of remove curse {unknown}
 c - a scroll of amnesia {unknown}
 g - 2 scrolls of enchant weapon {unknown}
 h - 2 scrolls of recharging {unknown}
 j - a scroll of teleportation {unknown}
 k - a scroll of identify {unknown}
 l - 2 scrolls of immolation {unknown}
 o - a scroll of random uselessness {unknown}
 r - a scroll of noise {unknown}
Potions
 m - a potion of poison
 p - a potion of mutation
 t - a potion of cure mutation {unknown}
 u - 2 potions of curing {unknown}
 v - a potion of heal wounds {unknown}
 w - a potion of brilliance {unknown}
Comestibles
 e - 5 bread rations
 f - 3 slices of pizza
 n - 3 chunks of flesh
 s - a meat ration
 x - a beef jerky


   Skills:
 + Level 3.7 Fighting
 + Level 3.8 Long Blades
 - Level 1.7 Throwing
 + Level 2.7 Armour
 + Level 3.9 Dodging


You had 5 spell levels left.
You didn't know any spells.

Dungeon Overview and Level Annotations

Branches:
Dungeon (4/15)
 Temple: D:4-7

Altars:
Dithmenos
Nemelex Xobeh
Xom


Innate Abilities, Weirdness & Mutations

You have a pair of small antennae on your head.
You are surrounded by a mild repulsion field (EV +2).
A weak demonic guardian rushes to your aid.
You are immune to rotting.
Your body sometimes deteriorates upon taking damage.
You are dopey. (Int -2)


Message History

The orc wizard hits you with a dagger.
* * * LOW HITPOINT WARNING * * *
The orc priest calls upon Beogh to heal the orc.
The orc's wounds heal themselves!
Drink which item? (? for menu, Esc to quit)
You can't drink that!
Drink which item? (? for menu, Esc to quit)
Okay, then.
Drink which item? (? for menu, Esc to quit)
It was a potion of mutation.
You feel extremely strange.
You feel stupid.
You feel yourself wasting away.
* * * LOW HITPOINT WARNING * * *
You feel sick.
Your ufetubus hits the orc priest.
Your ufetubus barely misses the orc priest.
The orc hits you but does no damage.
The orc wizard points at you and mumbles some strange words.
You resist with some effort.
The orc priest mumbles some strange prayers to Beogh against you.
Something smites you!
You die...

#+#### ##....# ......#
.....# +## #....+
#..#.....##....#
#........##ooo.##
#...........@o..#
#...........5...#
#...............#
#...............#
#...............#
#...........(...#
########...#####'########
.#.....#...####...###...#
.#.....#...#......'.....#


You could see an orc priest, an orc wizard, 2 orcs and a friendly ufetubus.

Vanquished Creatures
  2 hounds (D:4)
  An orc wizard (D:4)
  An iguana (D:4)
  A worker ant (D:4)
  2 adders (D:3)
  3 gnolls (D:2)
  An adder skeleton (D:4)
  A worm (D:3)
  A giant gecko (D:2)
  5 orcs (D:4)
  6 bats
  A bat skeleton (D:4)
  A giant cockroach (D:3)
  2 goblins
  8 hobgoblins
  2 jackals (D:3)
  2 quokkas (D:2)
  A ball python (D:4)
  5 giant newts
  14 kobolds
  2 quokka skeletons (D:4)
  11 rats
73 creatures vanquished.

Vanquished Creatures (collateral kills)
  A phantom (D:4)
  A gnoll (D:2)
2 creatures vanquished.

Grand Total: 75 creatures vanquished

Notes
Turn   | Place    | Note
--------------------------------------------------------------
     0 | D:1      | Fluffy the Demonspawn Gladiator began the quest for the Orb.
     0 | D:1      | Reached XP level 1. HP: 16/16 MP: 1/1
   153 | D:1      | Gained mutation: A weak demonic guardian rushes to your aid. [demonic ancestry]
   153 | D:1      | Reached XP level 2. HP: 20/22 MP: 2/2
   176 | D:1      | Reached skill level 1 in Armour
   694 | D:2      | Reached skill level 3 in Dodging
   694 | D:2      | Gained mutation: You have a pair of small antennae on your head. [demonic ancestry]
   694 | D:2      | Reached XP level 3. HP: 20/28 MP: 3/3
  1598 | D:3      | Gained mutation: You are immune to rotting. [demonic ancestry]
  1598 | D:3      | Reached XP level 4. HP: 34/34 MP: 4/4
  1833 | D:3      | Found a sparkling altar of Nemelex Xobeh.
  2125 | D:4      | Found a shadowy altar of Dithmenos.
  2193 | D:4      | Noticed a phantom
  2222 | D:4      | Killed a phantom
  2222 | D:4      | Reached XP level 5. HP: 22/41 MP: 5/5
  2432 | D:4      | Gained mutation: You are surrounded by a mild repulsion field (EV +2). [demonic ancestry]
  2432 | D:4      | Reached XP level 6. HP: 18/47 MP: 6/6
  2922 | D:4      | Found a shimmering altar of Xom.
  2983 | D:4      | HP: 2/48 [orc wizard/dagger (2)]
  2984 | D:4      | Gained mutation: You are dopey. (Int -2) [potion of mutation]
  2984 | D:4      | Gained mutation: Your body sometimes deteriorates upon taking damage. [potion of mutation]
  2984 | D:4      | Killed from afar by an orc priest

Vault maps used:
D:1:      dpeg_arrival_chambers_temple_mockup, glass_columns_a
D:3:      nemelex_deck
D:4:      grunt_dithmenos_smoke_and_mirrors, kennysheep_little_box, first_bread

Action                   |  1- 3 |  4- 6 || total
-------------------------+-------+-------++-------
Melee: Long sword        |   129 |     8 ||   137
       Halberd           |     4 |   143 ||   147
  Use: Potion            |       |     2 ||     2
  Eat: Chunk             |     2 |     5 ||     7
